 Dungeon Crawl Stone Soup version 0.13-a0-2688-gfd9909a (webtiles) character file.

69498 M4edhros the Force of Nature (level 15, -13/102 (104) HPs)
             Began as an Octopode Artificer on Aug 14, 2013.
             Was the Champion of Fedhas.
             Killed from afar by a spectral elf (23 damage)
             ... with a bolt of negative energy
             ... summoned by a deep elf death mage
             ... on Level 1 of the Elven Halls.
             The game lasted 02:30:36 (35095 turns).

M4edhros the Force of Nature (Octopode Artificer)  Turns: 35095, Time: 02:30:36

HP -13/102 (104) AC  6     Str 10      XL: 15   Next: 23%
MP   0/37        EV 11     Int 23      God: Fedhas [******]
Gold 1911        SH 20     Dex 13      Spells:  3 memorised, 11 levels left

Res.Fire  : . . .   See Invis. : .   o - lantern of shadows
Res.Cold  : + . .   Warding    : .   E - +1 shield
Life Prot.: . . .   Conserve   : .   l - +2 wizard hat {Int+3}
Res.Poison: .       Res.Corr.  : .   e - amulet of guardian spirit
Res.Elec. : .       Clarity    : .   s - ring "Tubutoja" {cTele Dex-2 Int-4 Dam+3}
Sust.Abil.: . .     Spirit.Shd : +   r - ring of magical power
Res.Mut.  : .       Stasis     : .   F - ring of protection from cold
Res.Rott. : .       Flight     : .   G - +6,+4 ring of slaying
Saprovore : . . .                    U - ring of protection from magic
                                     X - +4 ring of intelligence
                                     u - ring of sustenance
                                     (no ring)

@: very heavily drained, very resistant to hostile enchantments, extremely
unstealthy
A: almost no armour, amphibious, 8 rings, constrict 8, spike 1, camouflage 1,
blink 1, -10% mp, magic resistance 1, +10% hp, AC +4, Dex +1
a: Blink, Evolution, Sunlight, Growth, Reproduction, Rain, Renounce Religion,
Evoke Teleport Control


You were on level 1 of the Elven Halls.
You worshipped Fedhas.
Fedhas was exalted by your worship.
You were very hungry.

You visited 6 branches of the dungeon, and saw 30 of its levels.
You also visited: Volcano.

You collected 2903 gold pieces.
You spent 1012 gold pieces at shops.

Inventory:

Hand weapons
 g - a +2,+3 orcish hand axe of venom (quivered)
 w - a +5,+4 sling
Missiles
 m - 23 sling bullets
 q - 37 stones
 y - 8 steel sling bullets
Armour
 l - a +2 wizard hat of intelligence (worn)
 E - a +1 shield (worn)
Magical devices
 c - a wand of enslavement (9)
 n - a wand of confusion (6)
 H - a wand of digging (13)
 I - a wand of disintegration (2)
 T - a wand of fire (4)
Comestibles
 d - 6 meat rations
 v - 24 strawberries
Scrolls
 a - a scroll of identify
Jewellery
 e - an amulet of guardian spirit (around mantle)
 r - a ring of magical power (right tentacle)
 s - the ring "Tubutoja" (left tentacle) {cTele Dex-2 Int-4 Dam+3}
   (You bought it in a shop on level 4 of the Orcish Mines)

   [ring of teleport control]

   It affects your intelligence (-4).
   It affects your dexterity (-2).
   It affects your damage-dealing abilities (+3).
 u - a ring of sustenance (on tentacle)
 F - a ring of protection from cold (on tentacle)
 G - a +6,+4 ring of slaying (on tentacle)
 U - a ring of protection from magic (on tentacle)
 X - a +4 ring of intelligence (on tentacle)
Potions
 b - a potion of flight
 i - a potion of magic
 j - 4 potions of curing
Magical staves
 M - an uncursed staff of energy
Miscellaneous
 h - a legendary deck of defence {Flight}
 o - a lantern of shadows (in tentacle)
 O - a phial of floods (inert)
Rods
 C - a +5 lightning rod (6/16)
   (You acquired it on level 12 of the Dungeon)
 S - a +6 rod of fiery destruction (11/11)
   (You acquired it on level 5 of the Lair of Beasts)


   Skills:
 - Level 7.1(3.8) Fighting
   Level 1.0(0.0) Short Blades
 - Level 9.6(6.1) Slings
 + Level 5.8(2.6) Dodging
 - Level 1.3(0.0) Stealth
 + Level 9.9(6.3) Shields
 - Level 3.8(0.8) Spellcasting
 + Level 7.3(4.0) Charms
 - Level 4.1(1.0) Translocations
 - Level 4.0(0.9) Fire Magic
 * Level 17.1(12.9) Invocations
 + Level 10.2(6.6) Evocations


You had 11 spell levels left.
You knew the following spells:

 Your Spells              Type           Power        Failure   Level  Hunger
a - Blink                 Tloc           N/A          34%         2    ###....
b - Fire Brand            Chrm/Fire      #.........   21%         2    ###....
c - Haste                 Chrm           #.......     100%        6    #######


Dungeon Overview and Level Annotations

Branches:
Dungeon (14/27)            Temple (1/1) D:4             Orc (4/4) D:9
    Elf (1/3) Orc:3          Lair (8/8) D:8           Swamp (2/5) Lair:3
 Spider (0/5) Lair:3        Slime (0/6) Lair:8

Altars:
Ashenzari
Cheibriados
Elyvilon
Fedhas
Kikubaaqudgha
Makhleb
Nemelex Xobeh
Okawaru
Sif Muna
Trog
Vehumet
Xom
Yredelemnul
Zin
the Shining One
Beogh

Shops:
D:6: ( D:7: ( D:8: = Orc:4: =(*?

Annotations
D:14 Azrael


Innate Abilities, Weirdness & Mutations

You cannot wear most types of armour.
You are amphibious.
You can wear up to eight rings at the same time.
You can use your tentacles to constrict many enemies at once.
Your skin changes colour to match your surroundings (Stlth).
Your rubbery body absorbs attacks (AC +1).
One of your tentacles bears a spike.
You are partially covered in yellow scales (AC +2).
You are agile (Dex +1).
You can translocate small distances at will.
Your magical capacity is low (-10% MP).
You are resistant to hostile enchantments.
You are robust (+10% HP).
You are covered in fur (AC +1).


Message History

Unknown command.
Unknown command.
The spectral elf gestures at you while chanting.
The bolt of negative energy hits you!
You feel drained.
* * * LOW HITPOINT WARNING * * *
Your shadow slips into darkness for a moment.
Your shadow hits the spectral elf.
Your shadow barely misses the spectral elf.
Your shadow hits the spectral elf.
There is a staircase back to the Mines here.
The spectral elf hits you with an elven dagger!
* * * LOW HITPOINT WARNING * * *
You feel drained.
* * * LOW HITPOINT WARNING * * *
The spectral elf gestures at you while chanting.
The bolt of negative energy hits the spectral elf.
The spectral elf completely resists.
The bolt of negative energy hits you!
You feel drained.
You die...
Fedhas appreciates your contribution to the ecosystem.

## #.# ##.#
#######.#
#####....ppp######
......###.#W......
#...##.##W.##### #
#.....#..@....# .#
#...##.##).##.##.#
###
#####..).....###
................###
#######....?.....#
#........#.#
#.....#.##
###...?.# #.#.###


You could see 2 spectral elves and 2 friendly shadows.

Vanquished Creatures
  Saint Roka (Orc:4)
  Snorg (D:14)
  A deep elf death mage (Elf:1)
  Josephine (Orc:4)
  4 hydras
  An alligator (Swamp:1)
  A death yak (Lair:5)
  2 centaur warriors (D:13)
  An orc sorcerer (Orc:4)
  A cyclops (D:13)
  A deep elf conjurer (Elf:1)
  2 elephants
  A red wasp (Swamp:1)
  Maurice (D:13)
  3 black mambas
  3 spiny frogs
  Psyche (Orc:4)
  An orb spider (Lair:3)
  2 komodo dragons
  6 blink frogs
  4 trolls
  2 giant leeches (Swamp:2)
  6 two-headed ogres (Orc:4)
  2 boulder beetles
  A draconian (D:10)
  A basilisk (Lair:4)
  5 ugly things
  A dragon skeleton (D:12)
  A fire elemental (D:14)
  2 wyverns (D:13)
  3 trapdoor spiders
  3 shadows
  Eustachio (D:6)
  3 sharks (D:9)
  6 hippogriffs
  Grum (D:13)
  33 yaks
  2 hungry ghosts
  2 vampire mosquitoes (Swamp:1)
  9 swamp worms
  2 soldier ants (Lair:3)
  4 wolves
  A naga (D:10)
  3 porcupines
  A phantom (D:10)
  A black bear (Lair:2)
  18 ogres
  3 sky beasts
  3 ice beasts
  An ogre (shapeshifter) (D:13)
  8 orc warriors
  4 giant goldfish
  3 centaurs
  10 crocodiles
  3 giant slugs
  2 big kobolds
  7 water moccasins
  2 yaktaur skeletons (D:13)
  5 agate snails
  15 giant frogs
  A manticore skeleton (D:10)
  10 insubstantial wisps (Swamp:1)
  A cyclops skeleton (D:14)
  4 wights (D:11)
  4 jellyfish
  2 troll skeletons
  A goliath beetle (D:13)
  A quasit (D:11)
  11 crimson imps
  8 electric eels
  2 vampire bats (Orc:3)
  7 hounds
  2 centaur skeletons (D:11)
  2 giant frog skeletons
  8 orc priests
  An orange rat (Lair:7)
  3 big fish
  14 orc wizards
  4 scorpions
  21 worker ants
  4 humans
  7 iguanas
  12 sheep
  A jelly (Lair:8)
  3 mottled dragon skeletons
  An ogre skeleton (D:4)
  Terence (D:2)
  A gnoll (D:5)
  17 adders
  38 green rats
  2 giant centipedes
  6 white imps (Lair:4)
  7 worms
  An iguana skeleton (D:7)
  3 giant eyeballs
  13 giant geckos
  An ooze (Lair:8)
  89 orcs
  A bat skeleton (D:7)
  6 giant cockroaches
  12 goblins
  19 hobgoblins
  21 jackals
  11 quokkas
  A ball python skeleton (D:4)
  24 bats
  6 giant newts
  4 giant spores
  2 goblin skeletons (Orc:4)
  2 hobgoblin skeletons
  22 kobolds
  6 orc skeletons
  An orc zombie (Orc:4)
  A quokka zombie (D:5)
  22 rats
694 creatures vanquished.

Vanquished Creatures (collateral kills)
  An orc warlord (Orc:3)
  Gastronok (Orc:2)
  4 ogre magi (Orc:4)
  3 hydras
  Harold (D:11)
  Erica (Orc:2)
  7 death yaks
  2 unseen horrors (D:13)
  Urug (D:13)
  2 centaur warriors (D:13)
  Erolcha (Orc:2)
  2 fire drakes
  2 hill giants
  A cyclops (D:12)
  An orc sorcerer (Orc:4)
  5 wandering mushrooms
  5 elephants
  2 black mambas (Lair:8)
  A queen ant (Lair:3)
  11 blink frogs
  17 spiny frogs
  5 komodo dragons
  6 two-headed ogres
  A troll (Orc:2)
  7 giant leeches
  2 hydra skeletons
  A boulder beetle (Lair:8)
  A catoblepas skeleton (D:12)
  3 basilisks
  2 ugly things
  5 hippogriffs
  A grizzly bear (Lair:4)
  3 toenail golems (Volcano)
  A wyvern (D:13)
  40 yaks
  4 wolves
  A hill giant skeleton (D:3)
  6 vampire mosquitoes (Lair:8)
  2 soldier ants (Lair:3)
  2 mottled dragons
  4 porcupines
  12 orc warriors
  A phantom (D:5)
  22 ogres
  5 giant goldfish (Lair:8)
  A warg (Orc:3)
  6 water moccasins
  2 boring beetles
  A boring beetle (shapeshifter) (D:13)
  16 giant frogs
  A giant slug (Lair:8)
  A giant frog (shapeshifter) (D:13)
  Blork the orc (D:6)
  10 crocodiles
  An insubstantial wisp (Swamp:1)
  An agate snail (Lair:8)
  4 electric eels (Lair:8)
  2 jellyfish (Lair:8)
  A yak skeleton (D:7)
  A crimson imp (D:6)
  A quasit (D:6)
  A hound (D:6)
  4 orc priests
  A centaur skeleton (D:5)
  3 humans (Volcano)
  7 iguanas
  8 orc wizards
  2 scorpions
  13 worker ants
  6 orange rats (Lair:7)
  9 sheep
  A human skeleton (Orc:4)
  10 jellies
  An ogre skeleton (D:4)
  3 mummies
  2 gnolls (D:5)
  3 adders
  12 green rats
  6 white imps (Lair:4)
  A worm (D:5)
  A grey rat (Orc:2)
  An ooze (Lair:8)
  41 orcs
  2 hobgoblins
  4 quokkas
  4 bats
  A giant gecko (D:5)
  A giant newt (D:6)
  4 giant spores
  A goblin (Orc:4)
  A goblin skeleton (Orc:4)
  An orc simulacrum (Orc:4)
  3 orc skeletons
  An orc zombie (Orc:4)
  A rat (D:7)
  3 toadstools
421 creatures vanquished.

Vanquished Creatures (others)
  6 oklob plants
  A wolf spider zombie (D:14)
  3 water elementals
  A bog body (Swamp:1)
  A dragon skeleton (D:14)
  3 shadows
  A necrophage (D:11)
  A worker ant (D:7)
  2 worm zombies
  A giant gecko (D:7)
  2 giant spores
  A jackal (Lair:5)
  43 wandering mushrooms
  4 ballistomycetes
  18 fungi
  7 plants (Lair:8)
  669 toadstools
764 creatures vanquished.

Grand Total: 1879 creatures vanquished

Notes
Turn   | Place    | Note
--------------------------------------------------------------
     0 | D:1      | M4edhros, the Octopode Artificer, began the quest for the Orb.
     0 | D:1      | Reached XP level 1. HP: 14/14 MP: 1/1
   314 | D:1      | Reached skill level 4 in Evocations
   314 | D:1      | Reached XP level 2. HP: 19/19 MP: 3/3
   545 | D:2      | Noticed Terence
   558 | D:2      | Killed Terence
   558 | D:2      | Reached XP level 3. HP: 13/24 MP: 5/5
   745 | D:3      | Reached skill level 5 in Evocations
  1124 | D:4      | Found a sparkling altar of Nemelex Xobeh.
  1279 | D:4      | Reached XP level 4. HP: 24/29 MP: 7/7
  1287 | D:4      | Found a staircase to the Ecumenical Temple.
  1294 | Temple   | Entered the Ecumenical Temple
  1588 | Temple   | Became a worshipper of Fedhas Madash
  2153 | D:2      | Reached skill level 6 in Evocations
  2259 | D:2      | Found an iron altar of Okawaru.
  2410 | D:2      | Acquired Fedhas' first power
  2769 | D:3      | Noticed a hill giant zombie
  2810 | D:3      | Reached XP level 5. HP: 34/34 MP: 10/10
  2901 | D:3      | Found a glowing golden altar of the Shining One.
  3175 | D:3      | Reached skill level 1 in Invocations
  3321 | D:3      | Killed a hill giant skeleton
  3321 | D:3      | Reached XP level 6. HP: 16/40 MP: 12/12
  3593 | D:4      | Reached skill level 7 in Evocations
  3763 | D:4      | Acquired Fedhas' second power
  3952 | D:4      | Noticed an ogre
  3958 | D:4      | Killed an ogre
  4070 | D:4      | Reached XP level 7. HP: 31/45 MP: 15/15
  4258 | D:4      | Noticed an ogre
  4265 | D:4      | Killed an ogre
  4488 | D:5      | Entered Level 5 of the Dungeon
  4665 | D:5      | Reached skill level 5 in Invocations
  4712 | D:5      | Reached XP level 8. HP: 18/52 MP: 18/18
  4733 | D:5      | Reached skill level 8 in Evocations
  4975 | D:5      | Gained mutation: You are agile (Dex +1). [potion of mutation]
  4975 | D:5      | Gained mutation: You evolve. [potion of mutation]
  4978 | D:5      | M4edhros: hmm
  5139 | D:5      | Noticed a hippogriff
  5150 | D:5      | Killed a hippogriff
  5283 | D:6      | Found Plog's Weapon Shoppe.
  5283 | D:6      | Noticed Eustachio
  5294 | D:6      | Killed Eustachio
  5319 | D:6      | M4edhros: !
  5319 | D:6      | M4edhros: heh
  5319 | D:6      | M4edhros: glaive
  5319 | D:6      | M4edhros: too bad
  5319 | D:6      | M4edhros: still, crossbow
  5319 | D:6      | M4edhros: i might use it
  5319 | D:6      | tesudzi: sling can help to
  5319 | D:6      | tesudzi: cheap =)
  5730 | D:5      | Gained mutation: One of your tentacles bears a spike. [evolution]
  5910 | D:6      | Acquired Fedhas' third power
  6257 | D:6      | Reached skill level 5 in Fighting
  6481 | D:6      | Reached XP level 9. HP: 51/56 MP: 20/20
  6538 | D:6      | Noticed Blork the orc
  6552 | D:6      | Killed Blork the orc
  6552 | D:6      | Reached skill level 9 in Evocations
  7251 | D:7      | M4edhros: nice
  7251 | D:7      | tesudzi: sweet
  7251 | D:7      | M4edhros: now i can use sling
  7251 | D:7      | M4edhros: for sure
  7251 | D:7      | tesudzi: =)
  7533 | D:7      | Learned a level 2 spell: Blink
  8090 | D:2      | Gained mutation: You are partially covered in yellow scales (AC +2). [evolution]
  8106 | D:3      | M4edhros: good
  8106 | D:3      | M4edhros: i need like 6 more armor for now
  8106 | D:3      | tesudzi: yeah
  8217 | D:7      | Found Clenloesm's Weapon Emporium.
  8239 | D:7      | M4edhros: sweet strawberries
  8275 | D:7      | Acquired Fedhas' fourth power
  8520 | D:7      | Reached skill level 1 in Translocations
  8553 | D:8      | Noticed an elephant
  8564 | D:8      | Noticed an elephant
  8564 | D:8      | Noticed an elephant
  8577 | D:8      | Found Klauheka's Jewellery Shop.
  8673 | D:8      | M4edhros: sweet!!!
  8673 | D:8      | M4edhros: oh
  8673 | D:8      | M4edhros: not that much sweet
  8673 | D:8      | M4edhros: i hoped for stiky flame
  8673 | D:8      | tesudzi: =))
  8673 | D:8      | M4edhros: but fire brand is still ok
  8676 | D:8      | Learned a level 2 spell: Fire Brand
  8677 | D:8      | Found a bloodstained altar of Trog.
  8748 | D:8      | Killed an elephant
  8748 | D:8      | Reached skill level 1 in Spellcasting
  8748 | D:8      | Reached skill level 1 in Charms
  8806 | D:8      | Killed an elephant
  8806 | D:8      | Reached skill level 1 in Fire Magic
  8975 | D:8      | M4edhros: i like those
  8975 | D:8      | M4edhros: shaolin and cold/mr
  8975 | D:8      | tesudzi: yeah
  8975 | D:8      | M4edhros: now need gold
  8975 | D:8      | M4edhros: 2300
  8975 | D:8      | tesudzi: conservation not bad to
  8986 | D:8      | tesudzi: orcish mines =)
  9048 | D:8      | Found a staircase to the Lair.
  9049 | D:8      | M4edhros: lol.
  9049 | D:8      | tesudzi: wtf?
  9052 | D:8      | tesudzi: trap?
  9055 | D:8      | M4edhros: y
  9081 | D:8      | M4edhros: ima end now
  9081 | D:8      | M4edhros: have to go sleep
  9081 | D:8      | M4edhros: so gnight : )
  9081 | D:8      | tesudzi: gn
  9081 | D:8      | M4edhros: see later
  9081 | D:8      | tesudzi: see you!
  9081 | D:8      | tesudzi: bb
  9081 | D:8      | Upgraded the game from 0.13-a0-2682-gb26bf1a to 0.13-a0-2688-gfd9909a
  9204 | D:8      | Killed an elephant
  9204 | D:8      | Reached XP level 10. HP: 11/63 MP: 22/22
  9214 | D:8      | Noticed a death yak
  9517 | D:8      | Killed a death yak
  9893 | D:8      | Gained mutation: You can spit poison. [evolution]
 10091 | Lair:1   | Entered Level 1 of the Lair of Beasts
 10608 | Lair:1   | Noticed a six-headed hydra
 10613 | Lair:1   | Was placed under penance by Fedhas
 10625 | Lair:1   | Reached skill level 10 in Invocations
 10631 | Lair:1   | Killed a six-headed hydra
 10631 | Lair:1   | Reached skill level 5 in Charms
 10992 | Lair:2   | Identified a scroll of acquirement
 11665 | Lair:2   | Was forgiven by Fedhas
 12151 | Lair:2   | Reached XP level 11. HP: 33/68 MP: 24/24
 12187 | Lair:2   | Found a dark tunnel.
 12291 | Volcano  | Entered a volcano
 13191 | Lair:3   | Found a hole to the Spider Nest.
 13511 | Lair:3   | Reached skill level 1 in Slings
 13517 | Lair:3   | Gained mutation: Your system is resistant to poisons. [evolution]
 13521 | Lair:3   | Reached skill level 11 in Invocations
 13521 | Lair:3   | Reached skill level 1 in Shields
 13832 | Lair:4   | Found a frozen archway.
 14655 | Lair:4   | Reached skill level 12 in Invocations
 14738 | Lair:4   | HP: 1/68 [komodo dragon (27)]
 15180 | Lair:4   | Noticed a five-headed hydra
 15200 | Lair:4   | Killed a five-headed hydra
 15697 | Lair:5   | Reached XP level 12. HP: 66/74 MP: 27/27
 15767 | Lair:5   | Identified a +6 rod of fiery destruction (11/11) (You acquired it on level 5 of the Lair of Beasts)
 16120 | Lair:5   | Noticed a death yak
 16124 | Lair:5   | Noticed a death yak
 16135 | Lair:5   | Killed a death yak
 16405 | Lair:5   | Reached skill level 13 in Invocations
 16990 | Lair:5   | Killed a death yak
 16999 | Lair:5   | Killed a death yak
 16999 | Lair:5   | Reached skill level 5 in Shields
 17220 | Lair:5   | Noticed a death yak
 17243 | Lair:5   | Killed a death yak
 17243 | Lair:5   | Reached skill level 5 in Slings
 18193 | Lair:6   | Acquired Fedhas' fifth power
 18293 | Lair:6   | Noticed a five-headed hydra
 18305 | Lair:6   | Killed a five-headed hydra
 18814 | Lair:7   | Reached skill level 14 in Invocations
 19077 | Lair:7   | Gained mutation: Your muscles are strong, but stiff (Str +1, Dex -1). [potion of mutation]
 19077 | Lair:7   | Gained mutation: You are covered in fur (AC +1). [potion of mutation]
 19077 | Lair:7   | Gained mutation: You can translocate small distances at will. [potion of mutation]
 19363 | Lair:7   | Reached XP level 13. HP: 51/79 MP: 29/29
 19784 | Lair:8   | Entered Level 8 of the Lair of Beasts
 20090 | Lair:8   | Reached skill level 15 in Invocations
 20424 | Lair:8   | Lost mutation: You can spit poison. [evolution]
 20955 | Lair:8   | Found a staircase to the Slime Pits.
 21227 | Lair:8   | Got an ancient platinum ring
 21228 | Lair:8   | Identified the ring "Kuuxaun" {-Cast rC+ Dex+1 Acc-2} (You found it on level 8 of the Lair of Beasts)
 21860 | Lair:3   | Found a staircase to the Swamp.
 22344 | D:9      | Lost mutation: Your muscles are strong, but stiff (Str +1, Dex -1). [mutagenic meat]
 22345 | D:9      | Gained mutation: Your magical capacity is low (-10% MP). [mutagenic meat]
 22346 | D:9      | Lost mutation: You evolve. [mutagenic meat]
 23316 | D:9      | Found a staircase to the Orcish Mines.
 23384 | Orc:1    | Entered Level 1 of the Orcish Mines
 23423 | Orc:1    | Found an iron altar of Okawaru.
 23524 | Orc:2    | Noticed Erica
 23539 | Orc:2    | Killed Erica
 23618 | Orc:2    | Noticed Erolcha
 23624 | Orc:2    | Noticed Gastronok
 23645 | Orc:2    | Killed Erolcha
 23697 | Orc:2    | Killed Gastronok
 24187 | Orc:1    | Found a roughly hewn altar of Beogh.
 24334 | Orc:1    | Found an iron altar of Okawaru.
 25049 | Orc:3    | Noticed an orc warlord
 25091 | Orc:3    | Killed an orc warlord
 25364 | Orc:4    | Entered Level 4 of the Orcish Mines
 25395 | Orc:4    | Noticed Psyche
 25399 | Orc:3    | Found a staircase to the Elven Halls.
 25400 | Orc:3    | Found a roughly hewn altar of Beogh.
 25570 | Orc:4    | Killed Psyche
 25598 | Orc:4    | Noticed Josephine
 25608 | Orc:4    | Killed Josephine
 25608 | Orc:4    | Reached XP level 14. HP: 58/86 MP: 26/27
 25650 | Orc:4    | Noticed Saint Roka
 25751 | Orc:4    | Killed Saint Roka
 25751 | Orc:4    | Reached skill level 16 in Invocations
 26293 | Orc:4    | Found Wutaf's Assorted Antiques.
 26293 | Orc:4    | Found Rodubry's Weapon Boutique.
 26293 | Orc:4    | Found Ocseicat's Magic Scroll Emporium.
 26301 | Orc:4    | Found Heumm's Jewellery Shoppe.
 26411 | Orc:4    | Bought the ring "Tubutoja" {cTele Dex-2 Int-4 Dam+3} for 750 gold pieces
 26411 | Orc:4    | Bought an uncursed ring of sustenance for 262 gold pieces
 26738 | D:10     | Entered Level 10 of the Dungeon
 27849 | D:11     | Noticed Harold
 28185 | D:11     | Killed Harold
 28303 | D:11     | Learned a level 6 spell: Haste
 29034 | D:12     | Got a slimy trident
 29035 | D:12     | Identified the +3,+0 trident of Agony {vamp, Str+1 Dex+3} (You found it on level 12 of the Dungeon)
 29315 | D:13     | Found a deep blue altar of Sif Muna.
 29492 | D:13     | Got a bone mace
 29493 | D:13     | Identified the +2,+4 mace "Ogre's Funeral" {crush, rElec rPois rN+} (You found it on level 13 of the Dungeon)
 29585 | D:13     | Noticed Urug
 29595 | D:13     | Killed Urug
 29597 | D:13     | Noticed Grum
 29606 | D:13     | Killed Grum
 30041 | D:13     | Gained mutation: You occasionally shout uncontrollably. [mutagenic meat]
 30042 | D:13     | Gained mutation: You are robust (+10% HP). [mutagenic meat]
 30043 | D:13     | Gained mutation: You possess an exceptional clarity of mind. [mutagenic meat]
 30259 | D:13     | Paralysed by a potion of paralysis for 6 turns
 30405 | D:13     | Reached skill level 5 in Dodging
 30606 | D:13     | Noticed Maurice
 30610 | D:13     | Killed Maurice
 30722 | D:13     | Lost mutation: Your system is resistant to poisons. [mutagenic meat]
 30724 | D:13     | Gained mutation: You are resistant to hostile enchantments. [mutagenic meat]
 30725 | D:13     | Lost mutation: You occasionally shout uncontrollably. [mutagenic meat]
 31280 | D:13     | Lost mutation: You possess an exceptional clarity of mind. [potion of mutation]
 31343 | D:13     | Reached skill level 10 in Evocations
 31481 | D:13     | Reached XP level 15. HP: 90/102 MP: 28/28
 31506 | D:14     | Entered Level 14 of the Dungeon
 31535 | D:14     | Paralysed by a giant eyeball for 4 turns
 31655 | D:14     | Noticed Azrael
 31864 | D:14     | Noticed Snorg
 31885 | D:14     | Killed Snorg
 32696 | Swamp:1  | Entered Level 1 of the Swamp
 33758 | Lair:1   | Reached skill level 17 in Invocations
 34996 | Elf:1    | Entered Level 1 of the Elven Halls
 35095 | Elf:1    | Killed from afar by a spectral elf

Action                   |  1- 3 |  4- 6 |  7- 9 | 10-12 | 13-15 || total
-------------------------+-------+-------+-------+-------+-------++-------
Melee: Short sword       |    59 |    61 |       |       |       ||   120
       Hand axe          |       |    33 |   114 |   419 |   888 ||  1454
 Fire: Sling             |       |       |    50 |   222 |   112 ||   384
       Blowgun           |       |       |    17 |    13 |       ||    30
Throw: Javelin           |       |    21 |    28 |       |       ||    49
 Cast: Fire Brand        |       |       |       |    26 |    17 ||    43
       Blink             |       |       |       |     1 |     1 ||     2
Invok: Evolution         |       |     2 |     5 |    25 |    31 ||    63
       Sunlight          |       |       |     4 |     7 |    20 ||    31
       Reproduction      |       |       |       |     4 |     1 ||     5
       Rain              |       |       |       |       |     3 ||     3
       Growth            |       |       |       |       |     1 ||     1
 Abil: Blink             |       |       |       |       |     1 ||     1
       Evoke Teleport Co |       |       |       |       |     1 ||     1
Evoke: Wand              |     4 |       |    33 |    12 |    31 ||    80
       Miscellaneous     |       |       |       |     1 |     3 ||     4
       Rod               |       |       |       |       |     4 ||     4
  Use: Potion            |     2 |       |     5 |    16 |     6 ||    29
       Scroll            |       |     2 |    13 |    18 |    15 ||    48
 Stab: Sleeping          |     4 |     5 |     4 |     8 |    13 ||    34
       Confused          |       |       |       |     6 |     9 ||    15
       Distracted        |       |       |       |     1 |     2 ||     3
